Bruins vs Sharks

Created - February 9 2011 at 17:44

Goals
1 2 3 T
Bruins 3 1 0 4
Sharks 0 1 1 2
Shots
1 2 3 T
Bruins 8 9 9 26
Sharks 9 4 9 22

Period #1

1. Bruins , Phil Kessel 19 (Paul Stastny) at 5:59
2. Bruins , Henrik Zetterberg 21 (David Krejci, Nathan Horton) at 13:55 (PP)
3. Bruins , David Krejci 14 (Dustin Brown, Niklas Kronwall) at 19:13

Penalties :
Dustin Brown (BOS) for High sticking (Minor) at 1:21, Cam Ward (BOS) for Unsportsmanlike conduct (Major / Game Misconduct) at 7:23 - Nathan Horton served the penalty., Shane OBrien (SJS) for Goalie Interference (Minor) at 13:15, Johnny Boychuk (SJS) for Tripping (Minor) at 15:36

Period #2

4. Bruins , Phil Kessel 20 (Niklas Kronwall, Paul Stastny) at 5:12 (PP)
5. Sharks , Erik Christensen 8 (Shane Doan, Marek Zidlicky) at 10:12

Penalties :
Shane OBrien (SJS) for High sticking (Minor) at 4:09, James Vandermeer (BOS) for Hooking (Minor) at 5:38, Marek Zidlicky (SJS) for Interference (Minor) at 12:31, Blake Wheeler (BOS) for Hooking (Minor) at 14:54, Dennis Seidenberg (BOS) for Holding (Minor) at 17:41, Shane OBrien (SJS) for Slashing (Minor) at 19:55

Period #3

6. Sharks , Kamil Kreps 3 (Shane OBrien, Shane Doan) at 10:49 (PP)

Penalties :
Niklas Kronwall (BOS) for High sticking (Minor) at 10:01, Shane OBrien (SJS) for Boarding (Minor) at 11:05, Zdeno Chara (BOS) for Roughing (Minor) at 17:25, James Vandermeer (BOS) for Tripping (Minor) at 18:18

Goalie Stats

Tuukka Rask (BOS), 18 saves from 20 shots - (0.900), W, 4-2-2, 52:37 minutes
Cam Ward (BOS), 2 saves from 2 shots - (1.000), 7:23 minutes
Scott Clemmensen (SJS), 22 saves from 26 shots - (0.846), L, 2-7-0, 60:00 minutes

Players Stats

Bruins
Player Name              G  A  P  +/- PIM S  H  SB FO    MP 
------------------------------------------------------------
Andrej Meszaros          0  0  0   0  0   0  0  0  0/0   0  
Barret Jackman           0  0  0   1  0   0  0  2  0/0   19 
Blake Wheeler            0  0  0   0  2   2  2  0  0/1   12 
David Krejci             1  1  2   1  0   2  2  1  10/30 21 
Dennis Seidenberg        0  0  0   0  2   1  0  0  0/0   23 
Dustin Brown             0  1  1   1  2   2  2  0  1/2   15 
Gregory Campbell         0  0  0  -1  0   0  1  0  0/1   15 
Henrik Zetterberg        1  0  1   1  0   4  0  0  1/2   17 
James Vandermeer         0  0  0  -1  4   0  1  1  0/0   11 
Jordan Leopold           0  0  0   0  0   2  0  0  0/0   20 
Kyle Okposo              0  0  0  -1  0   1  0  0  0/0   8  
Mark Recchi              0  0  0   0  0   0  0  0  0/0   11 
Nathan Horton            0  1  1   1  0   3  0  0  1/3   17 
Niklas Kronwall          0  2  2   1  2   1  0  0  0/0   20 
Patrice Bergeron         0  0  0   0  0   4  1  0  8/11  12 
Paul Stastny             0  2  2   0  0   1  0  0  16/33 24 
Phil Kessel              2  0  2   1  0   3  0  0  0/2   14 
Zdeno Chara              0  0  0   1  2   0  3  0  0/0   24 
Sharks
Player Name              G  A  P  +/- PIM S  H  SB FO    MP 
------------------------------------------------------------
Alex Tanguay             0  0  0  -1  0   3  0  0  1/1   13 
Blake Comeau             0  0  0   0  0   1  0  2  0/0   19 
Brad Staubitz            0  0  0  -1  0   0  2  0  2/2   9  
Bryan McCabe             0  0  0  -1  0   1  2  1  0/0   24 
Dainius Zubrus           0  0  0   1  0   0  1  0  3/6   17 
Doug Weight              0  0  0   0  0   1  0  0  3/5   4  
Eric Brewer              0  0  0  -1  0   0  2  0  0/0   11 
Erik Christensen         1  0  1   1  0   5  1  0  8/14  15 
Francois Beauchemin      0  0  0   0  0   2  1  0  0/0   25 
Jarret Stoll             0  0  0  -1  0   1  2  0  16/28 22 
Johnny Boychuk           0  0  0   0  2   0  2  2  0/0   19 
Kamil Kreps              1  0  1  -1  0   2  0  0  11/20 15 
Marek Zidlicky           0  1  1   1  2   1  2  1  0/0   23 
Mason Raymond            0  0  0   0  0   3  0  1  4/8   19 
Nick Foligno             0  0  0  -1  0   0  1  0  0/0   9  
Shane Doan               0  2  2   1  0   2  6  1  0/1   22 
Shane OBrien             0  1  1  -1  8   0  4  0  0/0   15 
Tom Kostopoulos          0  0  0  -1  0   0  0  0  0/0   9  

3 Stars

1 - Phil Kessel (BOS)
2 - David Krejci (BOS)
3 - Shane Doan (SJS)

Power Play

Bruins - 2 on 6 Attempt(s) - 33.33%
Sharks - 1 on 8 Attempt(s) - 12.50%

Penalty Kill

Bruins - 7 on 8 Attempt(s) - 87.50% - Score 0 goal in Penalty Kill
Sharks - 4 on 6 Attempt(s) - 66.67% - Score 0 goal in Penalty Kill

Game Notes

Cam Ward ejected from game at 7:23 of 1st period
Tuukka Rask enters game at 7:23 of 1st period
Doug Weight is injured at 14:23 of 1st period (Flu)

Finance

Level 1 -- Attendance: 4846 (74.55%) -- Ticket Income $484,600.00
Level 2 -- Attendance: 3729 (74.58%) -- Ticket Income $223,740.00
Level 3 -- Attendance: 2595 (74.14%) -- Ticket Income $90,825.00
Level 4 -- Attendance: 1496 (100.00%) -- Ticket Income $29,920.00
Luxury Box -- Attendance: 709 (70.90%) -- Ticket Income $141,800.00
Game was played at the HP Pavilion center
Total Attendance: 13375 (76.45%)
Total Ticket Income: $1,002,379.00
Other Income: $191,433.00
Total Income: $1,193,812.00


Play by Play

Period #1

0:01 of 1st period - Jarret Stoll wins face-off versus Paul Stastny in neutral zone.
1:21 of 1st period - Minor Penalty to Dustin Brown for High sticking.
1:22 of 1st period - Doug Weight wins face-off versus Nathan Horton in Bruins zone.
3:16 of 1st period - Jordan Leopold is hit by Nick Foligno and loses puck.
3:51 of 1st period - Kamil Kreps is hit by Blake Wheeler and loses puck.
3:55 of 1st period - Icing by Francois Beauchemin.
3:56 of 1st period - Brad Staubitz wins face-off versus David Krejci in Sharks zone.
3:56 of 1st period - Brad Staubitz is hit by David Krejci.
4:21 of 1st period - Shot by Dustin Brown.
4:21 of 1st period - Shot Misses the Net.
5:10 of 1st period - Kyle Okposo is hit by Johnny Boychuk and loses puck.
5:41 of 1st period - Shot by Mark Recchi.
5:41 of 1st period - Shot Misses the Net.
5:43 of 1st period - Shot by Patrice Bergeron.
5:43 of 1st period - Stopped by Scott Clemmensen with a rebound.
5:45 of 1st period - Shot by Jordan Leopold.
5:45 of 1st period - Shot Misses the Net.
5:49 of 1st period - Shot by Zdeno Chara.
5:49 of 1st period - Shot Blocked by Johnny Boychuk.
5:51 of 1st period - Shot by Blake Wheeler.
5:51 of 1st period - Shot Misses the Net.
5:53 of 1st period - Shot by Zdeno Chara.
5:53 of 1st period - Shot Hit the Post.
5:55 of 1st period - Shot by Blake Wheeler.
5:55 of 1st period - Stopped by Scott Clemmensen without a rebound.
5:56 of 1st period - Paul Stastny wins face-off versus Kamil Kreps in Sharks zone.
5:59 of 1st period - Shot by Phil Kessel.
5:59 of 1st period - Goal by Phil Kessel - Bruins : 1 - Sharks : 0.
6:00 of 1st period - Paul Stastny wins face-off versus Kamil Kreps in neutral zone.
6:07 of 1st period - Shot by Henrik Zetterberg.
6:07 of 1st period - Shot Misses the Net.
6:13 of 1st period - Shot by Kamil Kreps.
6:13 of 1st period - Stopped by Cam Ward without a rebound.
6:14 of 1st period - Erik Christensen wins face-off versus David Krejci in Bruins zone.
6:44 of 1st period - Shot by Erik Christensen.
6:44 of 1st period - Shot Blocked by Barret Jackman.
7:21 of 1st period - Shot by Alex Tanguay.
7:21 of 1st period - Deflect By Nick Foligno.
7:21 of 1st period - Shot Misses the Net.
7:23 of 1st period - Shot by Doug Weight.
7:23 of 1st period - Stopped by Cam Ward without a rebound.
7:23 of 1st period - Major / Game Misconduct Penalty to Cam Ward for Unsportsmanlike conduct.
7:23 of 1st period - Cam Ward is ejected from game.
7:23 of 1st period - Tuukka Rask enters game.
7:24 of 1st period - Jarret Stoll wins face-off versus Phil Kessel in Bruins zone.
7:24 of 1st period - Jarret Stoll is hit by Zdeno Chara.
7:50 of 1st period - Shot by Mason Raymond.
7:50 of 1st period - Stopped by Tuukka Rask without a rebound.
7:51 of 1st period - Doug Weight wins face-off versus Paul Stastny in Bruins zone.
7:52 of 1st period - Shot by Shane Doan.
7:52 of 1st period - Shot Misses the Net.
8:20 of 1st period - Shot by Francois Beauchemin.
8:20 of 1st period - Stopped by Tuukka Rask without a rebound.
8:21 of 1st period - Jarret Stoll wins face-off versus Paul Stastny in Bruins zone.
8:28 of 1st period - Shot by Johnny Boychuk.
8:28 of 1st period - Shot Misses the Net.
8:32 of 1st period - Shot by Jarret Stoll.
8:32 of 1st period - Shot Hit the Post.
8:36 of 1st period - Shot by Mason Raymond.
8:36 of 1st period - Stopped by Tuukka Rask without a rebound.
8:37 of 1st period - Henrik Zetterberg wins face-off versus Doug Weight in Bruins zone.
9:28 of 1st period - Icing by Jarret Stoll.
9:29 of 1st period - Mason Raymond wins face-off versus Paul Stastny in Sharks zone.
10:18 of 1st period - Shot by Erik Christensen.
10:18 of 1st period - Stopped by Tuukka Rask with a rebound.
11:10 of 1st period - Shot by Bryan McCabe.
11:10 of 1st period - Shot Misses the Net.
11:14 of 1st period - Shot by Alex Tanguay.
11:14 of 1st period - Stopped by Tuukka Rask without a rebound.
11:15 of 1st period - Erik Christensen wins face-off versus David Krejci in Bruins zone.
11:22 of 1st period - Shot by Johnny Boychuk.
11:22 of 1st period - Shot Blocked by David Krejci.
11:24 of 1st period - Shot by Blake Comeau.
11:24 of 1st period - Stopped by Tuukka Rask without a rebound.
11:25 of 1st period - Kamil Kreps wins face-off versus Phil Kessel in Bruins zone.
11:52 of 1st period - Shot by Bryan McCabe.
11:52 of 1st period - Shot Misses the Net.
12:43 of 1st period - Off-side.
12:44 of 1st period - Nathan Horton wins face-off versus Doug Weight in neutral zone.
13:15 of 1st period - Minor Penalty to Shane OBrien for Goalie Interference.
13:16 of 1st period - Kamil Kreps wins face-off versus Paul Stastny in Sharks zone.
13:31 of 1st period - Shot by Dennis Seidenberg.
13:31 of 1st period - Stopped by Scott Clemmensen without a rebound.
13:32 of 1st period - Jarret Stoll wins face-off versus David Krejci in Sharks zone.
13:55 of 1st period - Shot by David Krejci.
13:55 of 1st period - Deflect By Henrik Zetterberg.
13:55 of 1st period - Goal by Henrik Zetterberg - Bruins : 2 - Sharks : 0.
13:56 of 1st period - Patrice Bergeron wins face-off versus Kamil Kreps in neutral zone.
13:56 of 1st period - Patrice Bergeron is hit by Brad Staubitz.
14:06 of 1st period - Shot by Mark Recchi.
14:06 of 1st period - Shot Misses the Net.
14:21 of 1st period - Icing by Zdeno Chara.
14:22 of 1st period - Doug Weight wins face-off versus Patrice Bergeron in Bruins zone.
14:22 of 1st period - Doug Weight is hit by Zdeno Chara.
14:23 of 1st period - Doug Weight from Sharks is injured at 14:23 of 1st period (Flu).
14:24 of 1st period - Jarret Stoll wins face-off versus Gregory Campbell in Bruins zone.
14:52 of 1st period - Icing by James Vandermeer.
14:53 of 1st period - Paul Stastny wins face-off versus Erik Christensen in Bruins zone.
14:53 of 1st period - Paul Stastny is hit by Shane Doan.
15:04 of 1st period - Gregory Campbell is hit by Francois Beauchemin and loses puck.
15:20 of 1st period - Off-side.
15:21 of 1st period - Patrice Bergeron wins face-off versus Jarret Stoll in neutral zone.
15:23 of 1st period - Off-side.
15:24 of 1st period - David Krejci wins face-off versus Jarret Stoll in neutral zone.
15:36 of 1st period - Minor Penalty to Johnny Boychuk for Tripping.
15:37 of 1st period - Kamil Kreps wins face-off versus David Krejci in Sharks zone.
17:39 of 1st period - Shot by Henrik Zetterberg.
17:39 of 1st period - Deflect By Paul Stastny.
17:39 of 1st period - Stopped by Scott Clemmensen without a rebound.
17:40 of 1st period - Paul Stastny wins face-off versus Kamil Kreps in Sharks zone.
18:26 of 1st period - Jordan Leopold is hit by Eric Brewer and loses puck.
18:37 of 1st period - Shot by Patrice Bergeron.
18:37 of 1st period - Shot Misses the Net.
18:41 of 1st period - Shot by Patrice Bergeron.
18:41 of 1st period - Stopped by Scott Clemmensen without a rebound.
18:42 of 1st period - Jarret Stoll wins face-off versus David Krejci in Sharks zone.
18:50 of 1st period - Dustin Brown is hit by Shane OBrien and loses puck.
19:13 of 1st period - Shot by David Krejci.
19:13 of 1st period - Goal by David Krejci - Bruins : 3 - Sharks : 0.
19:14 of 1st period - Paul Stastny wins face-off versus Dainius Zubrus in neutral zone.
19:20 of 1st period - Icing by Marek Zidlicky.
19:21 of 1st period - Patrice Bergeron wins face-off versus Erik Christensen in Sharks zone.
19:22 of 1st period - Shot by Blake Wheeler.
19:22 of 1st period - Shot Misses the Net.
19:41 of 1st period - Shot by Erik Christensen.
19:41 of 1st period - Stopped by Tuukka Rask without a rebound.
19:42 of 1st period - Paul Stastny wins face-off versus Jarret Stoll in Bruins zone.
19:42 of 1st period - Paul Stastny is hit by Jarret Stoll.

Period #2

0:01 of 2nd period - Jarret Stoll wins face-off versus Paul Stastny in neutral zone.
0:01 of 2nd period - Mason Raymond is hit by Zdeno Chara.
0:34 of 2nd period - Shot by Phil Kessel.
0:34 of 2nd period - Stopped by Scott Clemmensen with a rebound.
0:36 of 2nd period - Shot by Phil Kessel.
0:36 of 2nd period - Deflect By Henrik Zetterberg.
0:36 of 2nd period - Stopped by Scott Clemmensen without a rebound.
0:37 of 2nd period - David Krejci wins face-off versus Erik Christensen in Sharks zone.
0:38 of 2nd period - Shot by Nathan Horton.
0:38 of 2nd period - Stopped by Scott Clemmensen without a rebound.
0:39 of 2nd period - David Krejci wins face-off versus Dainius Zubrus in Sharks zone.
0:39 of 2nd period - David Krejci is hit by Marek Zidlicky.
0:53 of 2nd period - Niklas Kronwall is hit by Shane Doan and loses puck.
1:27 of 2nd period - Dustin Brown is hit by Erik Christensen and loses puck.
2:41 of 2nd period - Shot by Francois Beauchemin.
2:41 of 2nd period - Shot Misses the Net.
3:24 of 2nd period - Off-side.
3:25 of 2nd period - Erik Christensen wins face-off versus Patrice Bergeron in neutral zone.
4:03 of 2nd period - Shot by Jordan Leopold.
4:03 of 2nd period - Stopped by Scott Clemmensen without a rebound.
4:04 of 2nd period - Mason Raymond wins face-off versus Paul Stastny in Sharks zone.
4:04 of 2nd period - Mason Raymond is hit by Gregory Campbell.
4:07 of 2nd period - Icing by Alex Tanguay.
4:08 of 2nd period - Paul Stastny wins face-off versus Mason Raymond in Sharks zone.
4:08 of 2nd period - Dennis Seidenberg is hit by Shane OBrien and loses puck.
4:09 of 2nd period - Minor Penalty to Shane OBrien for High sticking.
4:10 of 2nd period - Jarret Stoll wins face-off versus David Krejci in Sharks zone.
4:22 of 2nd period - Icing by Jordan Leopold.
4:23 of 2nd period - David Krejci wins face-off versus Kamil Kreps in Bruins zone.
4:38 of 2nd period - Shot by Zdeno Chara.
4:38 of 2nd period - Shot Misses the Net.
5:08 of 2nd period - Shot by Niklas Kronwall.
5:08 of 2nd period - Shot Blocked by Shane Doan.
5:12 of 2nd period - Shot by Phil Kessel.
5:12 of 2nd period - Goal by Phil Kessel - Bruins : 4 - Sharks : 0.
5:13 of 2nd period - Patrice Bergeron wins face-off versus Mason Raymond in neutral zone.
5:17 of 2nd period - Zdeno Chara is hit by Shane OBrien and loses puck.
5:29 of 2nd period - Shot by Patrice Bergeron.
5:29 of 2nd period - Stopped by Scott Clemmensen without a rebound.
5:30 of 2nd period - Kamil Kreps wins face-off versus Paul Stastny in Sharks zone.
5:38 of 2nd period - Minor Penalty to James Vandermeer for Hooking.
5:39 of 2nd period - Paul Stastny wins face-off versus Dainius Zubrus in Bruins zone.
5:52 of 2nd period - Paul Stastny is hit by Shane Doan and loses puck.
6:34 of 2nd period - Off-side.
6:35 of 2nd period - Erik Christensen wins face-off versus David Krejci in neutral zone.
6:57 of 2nd period - Shot by Bryan McCabe.
6:57 of 2nd period - Shot Misses the Net.
6:59 of 2nd period - Shot by Johnny Boychuk.
6:59 of 2nd period - Shot Misses the Net.
7:03 of 2nd period - Shot by Erik Christensen.
7:03 of 2nd period - Shot Misses the Net.
7:05 of 2nd period - Shot by Bryan McCabe.
7:05 of 2nd period - Stopped by Tuukka Rask without a rebound.
7:06 of 2nd period - David Krejci wins face-off versus Jarret Stoll in Bruins zone.
7:59 of 2nd period - Eric Brewer is hit by Patrice Bergeron and loses puck.
8:27 of 2nd period - Icing by Francois Beauchemin.
8:28 of 2nd period - Paul Stastny wins face-off versus Kamil Kreps in Sharks zone.
8:54 of 2nd period - Icing by Dennis Seidenberg.
8:55 of 2nd period - Paul Stastny wins face-off versus Erik Christensen in Bruins zone.
9:04 of 2nd period - Shot by Erik Christensen.
9:04 of 2nd period - Stopped by Tuukka Rask without a rebound.
9:05 of 2nd period - David Krejci wins face-off versus Mason Raymond in Bruins zone.
9:24 of 2nd period - Shot by Dustin Brown.
9:24 of 2nd period - Shot Blocked by Mason Raymond.
9:28 of 2nd period - Shot by Dustin Brown.
9:28 of 2nd period - Shot Misses the Net.
9:38 of 2nd period - Shot by Dustin Brown.
9:38 of 2nd period - Stopped by Scott Clemmensen without a rebound.
9:39 of 2nd period - Patrice Bergeron wins face-off versus Erik Christensen in Sharks zone.
9:39 of 2nd period - Patrice Bergeron is hit by Marek Zidlicky.
9:49 of 2nd period - Shot by Blake Wheeler.
9:49 of 2nd period - Stopped by Scott Clemmensen without a rebound.
9:50 of 2nd period - Erik Christensen wins face-off versus Paul Stastny in Sharks zone.
9:55 of 2nd period - Gregory Campbell is hit by Shane Doan and loses puck.
10:12 of 2nd period - Shot by Erik Christensen.
10:12 of 2nd period - Goal by Erik Christensen - Bruins : 4 - Sharks : 1.
10:13 of 2nd period - Patrice Bergeron wins face-off versus Jarret Stoll in neutral zone.
10:16 of 2nd period - Shot by Jordan Leopold.
10:16 of 2nd period - Stopped by Scott Clemmensen without a rebound.
10:17 of 2nd period - Jarret Stoll wins face-off versus David Krejci in Sharks zone.
12:31 of 2nd period - Minor Penalty to Marek Zidlicky for Interference.
12:32 of 2nd period - Alex Tanguay wins face-off versus Paul Stastny in Sharks zone.
14:30 of 2nd period - Francois Beauchemin is hit by David Krejci and loses puck.
14:42 of 2nd period - Dainius Zubrus is hit by James Vandermeer and loses puck.
14:54 of 2nd period - Minor Penalty to Blake Wheeler for Hooking.
14:55 of 2nd period - Jarret Stoll wins face-off versus Henrik Zetterberg in Bruins zone.
15:37 of 2nd period - Icing by Shane Doan.
15:38 of 2nd period - Paul Stastny wins face-off versus Jarret Stoll in Sharks zone.
16:29 of 2nd period - Shot by Bryan McCabe.
16:29 of 2nd period - Shot Misses the Net.
17:08 of 2nd period - Shot by Alex Tanguay.
17:08 of 2nd period - Stopped by Tuukka Rask with a rebound.
17:40 of 2nd period - Icing by Dennis Seidenberg.
17:41 of 2nd period - Dainius Zubrus wins face-off versus Paul Stastny in Bruins zone.
17:41 of 2nd period - Minor Penalty to Dennis Seidenberg for Holding.
17:42 of 2nd period - Dainius Zubrus wins face-off versus David Krejci in Bruins zone.
19:55 of 2nd period - Minor Penalty to Shane OBrien for Slashing.
19:56 of 2nd period - Jarret Stoll wins face-off versus Nathan Horton in Sharks zone.

Period #3

0:01 of 3rd period - Jarret Stoll wins face-off versus David Krejci in neutral zone.
0:07 of 3rd period - Icing by Zdeno Chara.
0:08 of 3rd period - Kamil Kreps wins face-off versus David Krejci in Bruins zone.
1:07 of 3rd period - Dustin Brown is hit by Shane Doan and loses puck.
1:27 of 3rd period - Shot by Phil Kessel.
1:27 of 3rd period - Shot Blocked by Marek Zidlicky.
1:29 of 3rd period - Shot by Niklas Kronwall.
1:29 of 3rd period - Stopped by Scott Clemmensen without a rebound.
1:30 of 3rd period - David Krejci wins face-off versus Jarret Stoll in Sharks zone.
1:31 of 3rd period - Shot by Henrik Zetterberg.
1:31 of 3rd period - Shot Misses the Net.
1:33 of 3rd period - Shot by Jordan Leopold.
1:33 of 3rd period - Shot Blocked by Bryan McCabe.
1:35 of 3rd period - Shot by Henrik Zetterberg.
1:35 of 3rd period - Shot Misses the Net.
1:37 of 3rd period - Shot by Zdeno Chara.
1:37 of 3rd period - Shot Blocked by Blake Comeau.
1:39 of 3rd period - Shot by Henrik Zetterberg.
1:39 of 3rd period - Shot Misses the Net.
1:41 of 3rd period - Shot by Henrik Zetterberg.
1:41 of 3rd period - Stopped by Scott Clemmensen without a rebound.
1:42 of 3rd period - Dustin Brown wins face-off versus Kamil Kreps in Sharks zone.
2:08 of 3rd period - Blake Wheeler is hit by Bryan McCabe and loses puck.
2:26 of 3rd period - Icing by Mark Recchi.
2:27 of 3rd period - Patrice Bergeron wins face-off versus Erik Christensen in Bruins zone.
2:29 of 3rd period - Blake Wheeler is hit by Dainius Zubrus and loses puck.
2:54 of 3rd period - Shot by Erik Christensen.
2:54 of 3rd period - Shot Misses the Net.
3:27 of 3rd period - Icing by Dennis Seidenberg.
3:28 of 3rd period - Paul Stastny wins face-off versus Jarret Stoll in Bruins zone.
4:09 of 3rd period - Shot by Nathan Horton.
4:09 of 3rd period - Shot Misses the Net.
4:33 of 3rd period - Shot by Nathan Horton.
4:33 of 3rd period - Shot Blocked by Johnny Boychuk.
4:57 of 3rd period - Shot by Patrice Bergeron.
4:57 of 3rd period - Stopped by Scott Clemmensen without a rebound.
4:58 of 3rd period - Kamil Kreps wins face-off versus Blake Wheeler in Sharks zone.
6:18 of 3rd period - Shot by Shane Doan.
6:18 of 3rd period - Stopped by Tuukka Rask without a rebound.
6:19 of 3rd period - Jarret Stoll wins face-off versus Paul Stastny in Bruins zone.
6:42 of 3rd period - Shot by Alex Tanguay.
6:42 of 3rd period - Stopped by Tuukka Rask without a rebound.
6:43 of 3rd period - Kamil Kreps wins face-off versus Paul Stastny in Bruins zone.
7:39 of 3rd period - Nathan Horton is hit by Bryan McCabe.
8:02 of 3rd period - Off-side.
8:03 of 3rd period - Dainius Zubrus wins face-off versus Paul Stastny in neutral zone.
9:50 of 3rd period - Shot by Nathan Horton.
9:50 of 3rd period - Stopped by Scott Clemmensen without a rebound.
9:51 of 3rd period - Brad Staubitz wins face-off versus David Krejci in Sharks zone.
10:01 of 3rd period - Minor Penalty to Niklas Kronwall for High sticking.
10:02 of 3rd period - Erik Christensen wins face-off versus Paul Stastny in Bruins zone.
10:27 of 3rd period - Shot by Francois Beauchemin.
10:27 of 3rd period - Shot Misses the Net.
10:47 of 3rd period - Shot by Shane OBrien.
10:47 of 3rd period - Shot Blocked by Barret Jackman.
10:49 of 3rd period - Shot by Kamil Kreps.
10:49 of 3rd period - Goal by Kamil Kreps - Bruins : 4 - Sharks : 2.
10:50 of 3rd period - Kamil Kreps wins face-off versus David Krejci in neutral zone.
11:02 of 3rd period - Kamil Kreps is hit by Dustin Brown.
11:03 of 3rd period - Icing by Kamil Kreps.
11:04 of 3rd period - Patrice Bergeron wins face-off versus Kamil Kreps in Sharks zone.
11:04 of 3rd period - Zdeno Chara is hit by Shane OBrien and loses puck.
11:05 of 3rd period - Minor Penalty to Shane OBrien for Boarding.
11:06 of 3rd period - Kamil Kreps wins face-off versus David Krejci in Sharks zone.
11:21 of 3rd period - Shot by David Krejci.
11:21 of 3rd period - Shot Misses the Net.
11:25 of 3rd period - Shot by Henrik Zetterberg.
11:25 of 3rd period - Stopped by Scott Clemmensen without a rebound.
11:26 of 3rd period - Jarret Stoll wins face-off versus Dustin Brown in Sharks zone.
11:26 of 3rd period - Bryan McCabe is hit by Dustin Brown and loses puck.
11:55 of 3rd period - Shot by Dustin Brown.
11:55 of 3rd period - Stopped by Scott Clemmensen without a rebound.
11:56 of 3rd period - Kamil Kreps wins face-off versus David Krejci in Sharks zone.
12:08 of 3rd period - Icing by Henrik Zetterberg.
12:09 of 3rd period - David Krejci wins face-off versus Jarret Stoll in Bruins zone.
13:58 of 3rd period - Shot by Erik Christensen.
13:58 of 3rd period - Stopped by Tuukka Rask without a rebound.
13:59 of 3rd period - Paul Stastny wins face-off versus Kamil Kreps in Bruins zone.
14:22 of 3rd period - Shot by Kyle Okposo.
14:22 of 3rd period - Stopped by Scott Clemmensen without a rebound.
14:23 of 3rd period - David Krejci wins face-off versus Mason Raymond in Sharks zone.
14:23 of 3rd period - David Krejci is hit by Johnny Boychuk.
14:29 of 3rd period - Shot by Nathan Horton.
14:29 of 3rd period - Shot Blocked by Blake Comeau.
14:31 of 3rd period - Shot by Nathan Horton.
14:31 of 3rd period - Stopped by Scott Clemmensen without a rebound.
14:32 of 3rd period - Erik Christensen wins face-off versus Paul Stastny in Sharks zone.
15:16 of 3rd period - Shot by David Krejci.
15:16 of 3rd period - Stopped by Scott Clemmensen without a rebound.
15:17 of 3rd period - Jarret Stoll wins face-off versus David Krejci in Sharks zone.
15:19 of 3rd period - Icing by Johnny Boychuk.
15:20 of 3rd period - Mason Raymond wins face-off versus David Krejci in Sharks zone.
15:33 of 3rd period - Shot by Jarret Stoll.
15:33 of 3rd period - Shot Misses the Net.
15:49 of 3rd period - Shot by David Krejci.
15:49 of 3rd period - Shot Misses the Net.
16:26 of 3rd period - Icing by Eric Brewer.
16:27 of 3rd period - Kamil Kreps wins face-off versus Patrice Bergeron in Sharks zone.
16:27 of 3rd period - Kamil Kreps is hit by Blake Wheeler.
16:36 of 3rd period - Blake Wheeler is hit by Eric Brewer and loses puck.
16:54 of 3rd period - Zdeno Chara is hit by Brad Staubitz and loses puck.
17:20 of 3rd period - Shot by Shane Doan.
17:20 of 3rd period - Stopped by Tuukka Rask with a rebound.
17:25 of 3rd period - Minor Penalty to Zdeno Chara for Roughing.
17:26 of 3rd period - David Krejci wins face-off versus Jarret Stoll in Bruins zone.
17:37 of 3rd period - Niklas Kronwall is hit by Jarret Stoll and loses puck.
17:49 of 3rd period - Shot by Mason Raymond.
17:49 of 3rd period - Stopped by Tuukka Rask without a rebound.
17:50 of 3rd period - Erik Christensen wins face-off versus David Krejci in Bruins zone.
17:53 of 3rd period - Shot by Bryan McCabe.
17:53 of 3rd period - Shot Blocked by James Vandermeer.
17:55 of 3rd period - Shot by Marek Zidlicky.
17:55 of 3rd period - Stopped by Tuukka Rask without a rebound.
17:56 of 3rd period - Mason Raymond wins face-off versus David Krejci in Bruins zone.
18:05 of 3rd period - Shot by Mason Raymond.
18:05 of 3rd period - Shot Misses the Net.
18:07 of 3rd period - Shot by Francois Beauchemin.
18:07 of 3rd period - Stopped by Tuukka Rask without a rebound.
18:08 of 3rd period - Jarret Stoll wins face-off versus Paul Stastny in Bruins zone.
18:18 of 3rd period - Minor Penalty to James Vandermeer for Tripping.
18:19 of 3rd period - Paul Stastny wins face-off versus Jarret Stoll in Bruins zone.
18:25 of 3rd period - Icing by Blake Comeau.
18:26 of 3rd period - Paul Stastny wins face-off versus Jarret Stoll in Sharks zone.
18:48 of 3rd period - Shot by Jarret Stoll.
18:48 of 3rd period - Stopped by Tuukka Rask without a rebound.
18:49 of 3rd period - Paul Stastny wins face-off versus Shane Doan in Bruins zone.
19:00 of 3rd period - Paul Stastny is hit by Shane Doan and loses puck.


Output by the SimonT Hockey Simulator (STHS) for Stephane Roy -- Original Page W3C XHTML 1.0 Valid